 Dungeon Crawl Stone Soup version 0.29.0-15-g675c0067aa (webtiles) character file.

Game seed: 1247414444095790643

25 qw the Sneak (level 3, -9/23 HPs)
             Began as a Gargoyle Delver on Sept 11, 2022.
             Mangled by Natasha (13 damage)
             ... on level 2 of the Dungeon.
             The game lasted 00:00:15 (931 turns).

qw the Sneak (Gargoyle Delver)                       Turns: 931, Time: 00:00:16

Health: -9/23      AC: 12    Str: 17    XL:     3   Next: 6%
Magic:  3/3        EV:  7    Int: 10    God:
Gold:   37         SH:  0    Dex: 11    Spells: 2/2 levels left

rFire   . . .      SeeInvis .   Y - +0 hand axe
rCold   . . .      Faith    .   (no shield)
rNeg    + . .      Spirit   .   c - +0 chain mail
rPois   inf        Reflect  .   (no helmet)
rElec   +          Harm     .   (no cloak)
rCorr   .          Rampage  .   (no gloves)
Will    .....                   b - +0 pair of boots
Stlth   ..........              (no amulet)
HPRegen 0.07/turn               (no ring)
MPRegen 0.08/turn               (no ring)

@: about to teleport, slowed, very slow
A: sickness immunity, AC +3, negative energy resistance 1, electricity
resistance, torment resistance 1, petrification resistance
a: no special abilities


You were on level 2 of the Dungeon.
You visited 1 branch of the dungeon, and saw 4 of its levels.

You collected 37 gold pieces.


Innate Abilities, Weirdness & Mutations

You are immune to sickness and miasma.
Your stone body is resilient. (AC +3)
You are immune to poison.
You resist negative energy. (rN+)
You are resistant to electric shocks. (rElec)
You are resistant to unholy torment.
You are immune to petrification.


   Skills:
 - Level 3.2 Fighting
 - Level 3.0 Axes
 + Level 0.7 Armour
 - Level 1.5 Dodging
 - Level 5.4 Stealth


You had 2 spell levels left.
You didn't know any spells.
Your spell library was empty.

Inventory:

Hand Weapons
 Y - a +0 hand axe (weapon)
Armour
 b - a +0 pair of boots (worn)
 c - a +0 chain mail (worn)
Wands
 g - a wand of digging (3)
Potions
 a - a potion of curing {unknown}
 f - 4 potions of haste
 k - a potion of attraction {unknown}
 l - a potion of flight {unknown}

Dungeon Overview and Level Annotations

Branches:
Dungeon (5/15)
 Temple: D:4-7

Altars:

Annotations:
D:2 Natasha


Message History

You hit Natasha.
Natasha is moderately wounded.
You barely miss the shadow imp. Natasha casts a spell at you.
You feel yourself slow down. The shadow imp barely misses you.
You closely miss Natasha.
Natasha is moderately wounded.
You closely miss the shadow imp. You closely miss the kobold.
The kobold barely misses you. Natasha claws you.
The shadow imp hits you but does no damage.
Natasha casts a spell.
The kobold hits you but does no damage.
You barely miss Natasha.
Natasha is moderately wounded.
You closely miss the kobold. You hit the endoplasm.
You hit the shadow imp but do no damage.
The shadow imp hits you but does no damage.
The giant cockroach bites you but does no damage.
The endoplasm freezes you.
You are frozen.
The kobold hits you but does no damage. Natasha barely misses you.
The white imp gestures at you. The puff of frost hits you.
The shadow imp closely misses you.
You hit the endoplasm.
You kill the endoplasm!
You hit Natasha. You barely miss the shadow imp.
You barely miss the giant cockroach. You hit the kobold.
The giant cockroach bites you but does no damage.
Natasha closely misses you. The kobold hits you but does no damage.
The shadow imp closely misses you. The giant cockroach barely misses you.
The kobold hits you but does no damage.
Natasha drinks a potion.
Natasha seems to grow stronger.
The white imp barely misses you. The shadow imp hits you.
931 ||| READING scroll of teleportation.
As you read the scroll of teleportation, it crumbles to dust.
You feel strangely unstable.
The giant cockroach bites you but does no damage.
The kobold closely misses you. Natasha claws you!
Ouch! That really hurt!
You die...

##.# ......
#####.####......
#...............
#.###..###.....
####%........
#......#.######
#.............#
........B.......#
.......$5@......#
........Kh5......
.................
..........######.
..........#
.........#
?.#.....#
!.#.....#


You could see Natasha (strong), a white imp (summoned), a shadow imp (summoned),
a giant cockroach and a kobold.

Vanquished Creatures
  An adder (D:4)
  A worm (D:3)
  2 orcs
  2 ball pythons (D:4)
  A bat (D:3)
  An endoplasm (D:2)
  A kobold (D:4)
  A quokka (D:3)
  A rat (D:2)
11 creatures vanquished.

Notes
Turn   | Place    | Note
-------+----------+-------------------------------------------
     0 | D:5      | qw the Gargoyle Delver began the quest for the Orb.
     0 | D:5      | Reached XP level 1. HP: 14/14 MP: 1/1
     0 | D:5      | 0 ||| qw: Version: 0.1-a-117-gfe26ee0
     0 | D:5      | 0 ||| qw: Game counter: 9964
     0 | D:5      | 0 ||| qw: Always use a shield: true
     0 | D:5      | 0 ||| qw: God list: Okawaru
     0 | D:5      | 0 ||| qw: Allow faded altars: false
     0 | D:5      | 0 ||| qw: Do Orc after D:15 true
     0 | D:5      | 0 ||| qw: Do second Lair branch before Depths: true
     0 | D:5      | 0 ||| qw: Lair rune preference: random
     0 | D:5      | 0 ||| qw: Plans: Normal
     0 | D:5      | 0 ||| PLANNING D:1-11
   212 | D:5      | 212 ||| UPGRADING to +0 scale mail.
   222 | D:5      | 222 ||| DROPPING +0 leather armour.
   223 | D:5      | 223 ||| READING scroll labelled SAODES CAIC.
   228 | D:5      | 228 ||| READING scroll labelled ZUEDAY VYERAUS.
   229 | D:5      | 229 ||| DROPPING scroll of fog.
   230 | D:5      | 230 ||| DROPPING scroll of magic mapping.
   231 | D:5      | 231 ||| DROPPING scroll of fear.
   276 | D:4      | HP: 3/14 [ball python (3)]
   278 | D:4      | Reached XP level 2. HP: 4/19 MP: 2/2
   434 | D:4      | 434 ||| Stepping ~*~*~tactically~*~*~ (stealth).
   677 | D:3      | 677 ||| Stepping ~*~*~tactically~*~*~ (stealth).
   683 | D:3      | Reached skill level 3 in Axes
   840 | D:3      | Reached XP level 3. HP: 22/23 MP: 3/3
   875 | D:3      | 875 ||| UPGRADING to +0 pair of boots.
   880 | D:3      | 880 ||| UPGRADING to +0 chain mail.
   890 | D:3      | 890 ||| DROPPING +0 scale mail.
   923 | D:2      | Noticed Natasha
   930 | D:2      | HP: 4/23 [shadow imp[Natasha] (5)]
   931 | D:2      | 931 ||| READING scroll of teleportation.
   931 | D:2      | Mangled by Natasha

Levels and vault maps discovered:
D:2:      layout_basic, minmay_hexomino_f4, uniq_natasha
D:3:      layout_loops_corners, lemuel_coloured_pillars_altar,
          grunt_temple_overflow_cloverleaf, nicolae_wormholes, uniq_grinder,
          uniq_ijyb
D:4:      layout_basic, ebering_ghost_rock_garden, serial_shops,
          kennysheep_mini_moat
D:5:      layout_loops_corners, uniq_crazy_yiuf_cottage

Skill      XL: |  1  2 |
---------------+-------+-----
Axes           | 2 3 |  3.0
Fighting       | |  3.2
Armour         | |  0.7
Dodging        | |  1.5
Stealth        | |  5.4

Action                   || total
-------------------------++-------
Melee: Hand axe          ||    57
  Use: Scroll            ||     3
 Stab: Sleeping          ||     1
Armor: Scale mail        ||    32
       Leather armour    ||     1
       Chain mail        ||    10
Dodge: Dodged            ||    36

Table legend:
 A = Non-vault XP
 B = Vault XP
 C = Vault XP percentage of total XP
 D = Non-vault monster count
 E = Vault monster count
 F = Vault count percentage of total count
                 A         B        C        D         E       F
            +---------+---------+-------+---------+---------+-------
      Total |      32 |       5 |  13.5 |      10 |       1 |   9.1
            +---------+---------+-------+---------+---------+-------
        D:2 |       3 |       0 |   0.0 |       2 |       0 |   0.0
        D:3 |       7 |       5 |  41.7 |       3 |       1 |  25.0
        D:4 |      19 |       0 |   0.0 |       4 |       0 |   0.0
        D:5 |       3 |       0 |   0.0 |       1 |       0 |   0.0
            +---------+---------+-------+---------+---------+-------
